 Dungeon Crawl Stone Soup version 0.22-a0-855-g415d086bb8 (webtiles) character file.

4304 LLavrengius the Cleaver (level 10, -3/74 HPs)
             Began as a Formicid Fighter on July 27, 2018.
             Was an Initiate of Wu Jian.
             Slain by a two-headed ogre
             ... wielding a +0 giant club
              (24 damage)
             ... on level 6 of the Dungeon.
             The game lasted 00:40:01 (7174 turns).

LLavrengius the Cleaver (Formicid Fighter)          Turns: 7174, Time: 00:40:02

Health: -3/74      AC: 14    Str: 23    XL:     10   Next: 58%
Magic:  10/10      EV:  6    Int: 10    God:    Wu Jian [......]
Gold:   145        SH: 12    Dex: 11    Spells: 9/9 levels left

rFire    . . .     SeeInvis +   y - +0 battleaxe
rCold    . . .     Gourm    .   c - +0 shield
rNeg     + . .     Faith    .   C - +0 plate armour
rPois    .         Spirit   .   (helmet unavailable)
rElec    .         Reflect  .   P - +0 cloak
rCorr    .         Harm     .   m - +0 pair of gloves of the Enchanted Forest {Int+2}
MR       ++...                  q - +0 pair of boots
Stlth    ..........             (no amulet)
HPRegen  0.22/turn              k - ring of protection from magic
MPRegen  0.12/turn              b - ring of positive energy

@: no status effects
A: permanent stasis, dig shafts and tunnels, four strong arms, antennae 3
a: Dig, Shaft Self, Renounce Religion


You were on level 6 of the Dungeon.
You worshipped Wu Jian.
Wu Jian was noncommittal.
You were not hungry.

You visited 2 branches of the dungeon, and saw 11 of its levels.
You also visited: Ossuary.

You collected 466 gold pieces.
You spent 321 gold pieces at shops.

Inventory:

Hand Weapons
 a - a +1 war axe
 x - a +0 hand crossbow
 y - a +0 battleaxe (weapon)
 A - a +0 hunting sling
 E - a cursed +0 hunting sling
Missiles
 d - 88 arrows
 s - 32 poisoned needles
 t - 245 stones (quivered)
 z - 112 sling bullets
Armour
 c - a +0 shield (worn)
 m - the +0 pair of gloves of the Enchanted Forest (worn) {Int+2}
   (You bought it in a shop on level 8 of the Dungeon)

   It affects your intelligence (+2).
 q - a +0 pair of boots (worn)
 C - a +0 plate armour (worn)
 P - a +0 cloak (worn)
Jewellery
 b - a ring of positive energy (right hand)
 k - a ring of protection from magic (left hand)
 l - an uncursed ring of protection from cold
Wands
 H - a wand of iceblast (10)
Scrolls
 i - a scroll of remove curse
 j - 7 scrolls of teleportation
 o - a scroll of holy word {unknown}
 p - 2 scrolls of enchant weapon
 u - 7 scrolls of identify
 D - 5 scrolls of enchant armour
 F - a scroll of immolation {unknown}
 M - 2 scrolls of fog {unknown}
Potions
 e - a potion of brilliance
 h - 5 potions of curing
 n - 2 potions of mutation {unknown}
 r - 5 potions of heal wounds
 v - 3 potions of ambrosia
 w - a potion of invisibility {unknown}
 G - 3 potions of flight {unknown}
 I - 3 potions of agility {unknown}
 J - a potion of cancellation {unknown}
 K - a potion of berserk rage {unknown}
 N - a potion of resistance {unknown}
Comestibles
 f - 15 rations


   Skills:
 + Level 5.0 Fighting
 + Level 13.6 Axes
 - Level 3.2 Armour
 + Level 11.0 Shields


You had 9 spell levels left.
You didn't know any spells.
Your spell library contained the following spells:

 Spells                   Type           Power        Failure   Level  Hunger
 Apportation              Tloc           #.....       100%        1    ##.....
 Summon Small Mammal      Summ           #...         100%        1    ##.....
 Animate Skeleton         Necr           N/A          100%        1    ##.....
 Confusing Touch          Hex            #.....       100%        1    ##.....


Dungeon Overview and Level Annotations

Branches:
Dungeon (10/15)            Temple (1/1) D:6
   Lair: D:8-11         Orc: D:9-12

Altars:
Ashenzari
Fedhas
Nemelex Xobeh
Okawaru
Ru
Vehumet
Wu Jian
Xom
Yredelemnul
Zin

Shops:
D:6 ?   D:8 *


Innate Abilities, Weirdness & Mutations

You cannot be hasted, slowed, berserked, paralysed or teleported.
You can dig through walls and to a lower floor.
Your four strong arms can wield two-handed weapons with a shield.
You have a pair of large antennae on your head. (SInv)


Message History

You slash the two-headed ogre!
The two-headed ogre is heavily wounded.
You slash the two-headed ogre!
The two-headed ogre is heavily wounded.
You block the two-headed ogre's attack.
The two-headed ogre hits you with a giant club!
You hit the two-headed ogre.
The two-headed ogre is severely wounded.
The two-headed ogre hits you with a giant club.
You block the two-headed ogre's attack.
You hit the two-headed ogre but do no damage.
The two-headed ogre is severely wounded.
You block the two-headed ogre's attack.
The two-headed ogre hits you but does no damage.
Your plate armour prevents you from hitting the two-headed ogre.
The two-headed ogre is severely wounded.
The two-headed ogre hits you with a giant club!
* * * LOW HITPOINT WARNING * * *
The two-headed ogre hits you with a giant club!!
You die...

##### ....# ###.#
....##############...(..
....'...>...)...@OZ.(#
....##############.#.#
....# # #####


You could see a two-headed ogre and a hound skeleton.

Vanquished Creatures
  A hippogriff (D:8)
  Sigmund (D:2)
  3 orc warriors
  A sky beast (D:9)
  A necrophage (D:4)
  2 ogres
  A big kobold (D:9)
  A bullfrog (D:6)
  4 scorpions
  4 killer bees (D:8)
  3 crimson imps
  3 centaur zombies (Ossuary)
  A quasit (D:8)
  4 hounds
  2 orc priests (D:8)
  13 orc wizards
  A bullfrog skeleton (D:8)
  An iguana (D:8)
  Natasha (thrice) (D:3)
  7 worker ants
  3 big kobold zombies (Ossuary)
  6 mummies (Ossuary)
  2 gnolls (D:2)
  7 adders
  A shadow imp (D:6)
  3 oozes
  4 adder skeletons
  A worm (D:4)
  3 dart slugs
  5 leopard geckos
  32 orcs
  A giant cockroach (D:4)
  3 goblins
  5 hobgoblins (D:2)
  11 jackals
  5 quokkas
  A ball python (D:2)
  A ball python zombie (D:5)
  7 bats
  5 frilled lizards
  4 hobgoblin zombies (Ossuary)
  15 kobolds
  3 leopard gecko skeletons
  4 rats
  A spectral orc (D:2)
  A bush (D:2)
  3 fungi (D:3)
  2 plants (D:2)
196 creatures vanquished.

Vanquished Creatures (others)
  An orc wizard (D:9)
  An adder (D:2)
2 creatures vanquished.

Grand Total: 198 creatures vanquished

Notes
Turn   | Place    | Note
-------+----------+-------------------------------------------
     0 | D:1      | LLavrengius the Formicid Fighter began the quest for the Orb.
     0 | D:1      | Reached XP level 1. HP: 18/18 MP: 1/1
   135 | D:1      | Reached XP level 2. HP: 20/24 MP: 2/2
   678 | D:2      | Noticed Sigmund
   695 | D:2      | Killed Sigmund
   695 | D:2      | Reached skill level 5 in Fighting
   695 | D:2      | Reached skill level 4 in Axes
   695 | D:2      | Reached XP level 3. HP: 5/33 MP: 3/3
   695 | D:2      | Reached XP level 4. HP: 6/39 MP: 4/4
   695 | D:2      | Reached XP level 5. HP: 7/44 MP: 5/5
  1123 | D:2      | Found a basalt altar of Yredelemnul.
  1199 | D:2      | Found a sparkling altar of Nemelex Xobeh.
  1531 | D:2      | Found an iron altar of Okawaru.
  1535 | D:2      | Reached XP level 6. HP: 51/51 MP: 6/6
  1585 | D:2      | Found a radiant altar of Vehumet.
  1907 | D:3      | Found a blossoming altar of Fedhas.
  1946 | D:3      | Reached skill level 5 in Axes
  2021 | D:3      | Noticed Natasha
  2031 | D:3      | Killed Natasha
  2186 | D:3      | Noticed Natasha
  2191 | D:3      | Killed Natasha
  2261 | D:3      | Noticed Natasha
  2270 | D:3      | Killed Natasha
  2451 | D:3      | Reached XP level 7. HP: 56/56 MP: 7/7
  2460 | D:3      | Reached skill level 6 in Axes
  2897 | D:4      | Reached skill level 7 in Axes
  3309 | D:4      | Reached XP level 8. HP: 61/61 MP: 8/8
  3408 | D:4      | Reached skill level 8 in Axes
  4031 | D:5      | Entered Level 5 of the Dungeon
  4401 | D:5      | Reached skill level 9 in Axes
  4994 | D:6      | Noticed a two-headed ogre
  4997 | D:6      | You fall through a shaft for 2 floors!
  5043 | D:8      | Found a glowing silver altar of Zin.
  5279 | D:8      | Found Citeikh's Assorted Antiques.
  5286 | D:8      | Bought a pair of ichor-stained gloves for 209 gold pieces
  5286 | D:8      | Identified the +0 pair of gloves of the Enchanted Forest {Int+2} (You bought it in a shop on level 8 of the Dungeon)
  5327 | D:8      | Reached XP level 9. HP: 67/67 MP: 9/9
  5349 | D:8      | Reached skill level 12 in Axes
  5349 | D:8      | Reached XP level 10. HP: 31/73 MP: 10/10
  5439 | D:8      | Reached skill level 13 in Axes
  5465 | D:8      | Found a sand-covered staircase.
  5469 | Ossuary  | Entered an ossuary
  6385 | D:7      | You fall through a shaft for 3 floors!
  6385 | D:10     | Entered Level 10 of the Dungeon
  6801 | D:6      | Found Fyneq's Magic Scroll Emporium.
  6817 | D:6      | Bought a scroll of enchant armour for 112 gold pieces
  6899 | D:6      | Found a staircase to the Ecumenical Temple.
  6924 | Temple   | Entered the Ecumenical Temple
  6943 | Temple   | Became a worshipper of the Wu Jian Council
  7174 | D:6      | Slain by a two-headed ogre

Vault maps used:
D:1:      scummos_arrival_checkerplants, minmay_pentomino_z2
D:2:      fiery_altar_vehumet, lemuel_round_altar,
          yredelemnul_forgotten_temple_becter, okawaru_altar_gauntlet_db,
          roderic_lattice_a, minmay_misc_feat_enclosed, lexackson_kobold_supper,
          uniq_sigmund
D:3:      fedhas_altar_3, serial_glass, glass_columns_a, glass_columns_a,
          uniq_natasha
D:5:      first_ration, grunt_tough_drop
D:6:      minmay_temple_entry_hall, serial_shops, shop_scrolls,
          ebering_ghost_disaster_area, minmay_misc_feat_alley,
          kennysheep_generic_room_3
D:8:      zin_statuary, serial_shops, shop, nicolae_ossuary_entry_plus
D:10:     erik_lair_island, david_orc_2, hangedman_ranch, uniq_grum,
          uniq_gastronok, uniq_erica
Temple:   regret_index_temple_sphere_string
Ossuary:  ossuary_the_hunt_dpeg

Skill      XL: |  1  2  3  4  5  6  7  8  9 10 |
---------------+-------------------------------+-----
Shields        | 4 11 | 11.0
Fighting       | 5 |  5.0
Axes           | 4 5 7 9 12 13 | 13.6
Armour         | |  3.2

Action                   |  1- 3 |  4- 6 |  7- 9 | 10-12 || total
-------------------------+-------+-------+-------+-------++-------
Melee: War axe           |    42 |   193 |   278 |   131 ||   644
       Battleaxe         |       |       |       |   110 ||   110
Throw: Stone             |       |       |     3 |     5 ||     8
Invok: Lunge             |       |       |       |     3 ||     3
 Abil: Dig               |       |    11 |     2 |       ||    13
       Shaft Self        |       |       |     1 |       ||     1
  Use: Potion            |       |       |     3 |     4 ||     7
       Scroll            |       |       |    10 |       ||    10
  Eat: Chunk             |       |     7 |     7 |     7 ||    21
       Ration            |       |       |     1 |       ||     1
Armor: Scale mail        |    21 |    67 |     2 |       ||    90
       Chain mail        |       |       |   113 |    35 ||   148
       Plate armour      |       |       |       |    63 ||    63
Dodge: Dodged            |    17 |    61 |    49 |    67 ||   194
Block: Shield            |    15 |    86 |   108 |   168 ||   377

Table legend:
 A = Spawn XP
 B = Non-spawn XP
 C = Spawn XP percentage of total XP
 D = Spawn monster count
 E = Non-spawn monster count
 F = Spawn count percentage of total count
 G = Total turns spent on level
                    A         B        C        D         E        F      G
               +---------+---------+-------+---------+---------+-------+---------
         Total |       0 |    4183 |   0.0 |       0 |     191 |   0.0 |  7174
               +---------+---------+-------+---------+---------+-------+---------
           D:1 |       0 |      22 |   0.0 |       0 |       9 |   0.0 |   645
           D:2 |       0 |     288 |   0.0 |       0 |      31 |   0.0 |  1209
           D:3 |       0 |     491 |   0.0 |       0 |      29 |   0.0 |  1018
           D:4 |       0 |     551 |   0.0 |       0 |      42 |   0.0 |  1159
           D:5 |       0 |     313 |   0.0 |       0 |      12 |   0.0 |   867
           D:6 |       0 |     365 |   0.0 |       0 |      15 |   0.0 |   428
           D:7 |       0 |      40 |   0.0 |       0 |       2 |   0.0 |   203
           D:8 |       0 |    1114 |   0.0 |       0 |      23 |   0.0 |   684
           D:9 |       0 |     676 |   0.0 |       0 |      12 |   0.0 |   370
       Ossuary |       0 |     323 |   0.0 |       0 |      16 |   0.0 |   542
               +---------+---------+-------+---------+---------+-------+---------
